 Dungeon Crawl Stone Soup version 0.31-a0-507-gbafd7f5274 (webtiles) character file.

Game seed: 5019568040055432281

9 ytrimaz the Ruffian (level 2, 21/21 HPs)
             Began as a Demonspawn Shapeshifter on Aug 9, 2023.
             Quit the game on level 1 of the Dungeon.
             The game lasted 00:00:28 (185 turns).

ytrimaz the Ruffian (Demonspawn Shapeshifter)        Turns: 185, Time: 00:00:29

Health: 21/21      AC:  2    Str: 15    XL:     2   Next: 3%
Magic:  2/2        EV: 12    Int: 11    God:
Gold:   56         SH:  0    Dex: 13    Spells: 1/1 levels left

rFire   . .          .
                       - Unarmed
rCold   . . .        (no shield)
rNeg    . . .        a - +0 animal skin
rPois   .            (helmet currently unavailable)
rElec   .            (cloak currently unavailable)
rCorr   .            (gloves currently unavailable)
SInv    .            (boots currently unavailable)
Will    .....        (no amulet)
Stlth   +            (no ring)
HPRegen 0.23/turn    (no ring)
MPRegen 0.08/turn

%: no passive effects
@: beast-form
A: beast (slay +1), big brain 1
a: Begin Untransformation


You were on level 1 of the Dungeon.
You were a hulking beast.
You visited 1 branch of the dungeon, and saw 1 of its levels.

You collected 56 gold pieces.


Innate Abilities, Weirdness & Mutations

You are a hulking beast.
Your limbs bulge with bestial killing power. (Slay +1)
You have an unusually large brain. (Int +2)


   Skills:
 - Level 1.0 Fighting
 - Level 1.7 Dodging
 + Level 3.0 Unarmed Combat
 + Level 2.9 Shapeshifting


You had one spell level left.
You didn't know any spells.
Your spell library was empty.

Inventory:

Armour
 a - a +0 animal skin (worn)
Jewellery
 e - a ring of protection from cold
   (You found it on level 1 of the Dungeon)
Talismans
 c - a beast talisman (active)
 d - a flux talisman
Scrolls
 f - a scroll of teleportation {unknown}
Potions
 b - a potion of lignification

Dungeon Overview and Level Annotations

Branches:
Dungeon (1/15) Zot: 5816

Altars:

Shops:
D:1

: .#.##........# .##
#.....#......## .#
####.....)##.# #.#
##........###..#
.####..#.....#...## ###.
........#......######....
.######.####.......#..#
#.####...#.#...##
#.h.###..#......#
###...#.......#..#
##.........# #.........#
#....†....# #...####..#
######...# ##.###
#........## #...##
####.........# ###..##


There were no monsters in sight!


Message History

😎 HP[+1]
Your hp is fully restored (15).
Unknown command.
No target in view!
A dart slug comes into view.
Found Sirecuck's Book Shop.
You see here a rat corpse.
A dart slug is nearby!
A dart slug is nearby!
You hit the dart slug but do no damage. The dart slug bites you. 😕 HP[-1]
You take 1 damage, and now have 14/15 hp.
Unknown command.
You hit the dart slug. You hit the dart slug.
You kill the dart slug! 😎 HP[+1]
Your hp is fully restored (15).
You see here a dart slug corpse.
No target in view!
Unknown command.
You now have 31 gold pieces (gained 13).
A giant cockroach comes into view.
A giant cockroach is nearby!
A giant cockroach is nearby!
A giant cockroach is nearby!
A goblin comes into view. It is wielding a +0 club.
The goblin shouts!
The giant cockroach bites you. 😕 HP[-1]
You take 1 damage, and now have 14/15 hp.
You hit the giant cockroach but do no damage.
The giant cockroach bites you. 😕 HP[-1]
You take 1 damage, and now have 13/15 hp.
You closely miss the giant cockroach. The giant cockroach closely misses you.
The goblin barely misses you.
Unknown command.
You closely miss the giant cockroach. The giant cockroach misses you.
The goblin hits you with a +0 club. 😕 HP[-1]
You take 1 damage, and now have 12/15 hp.
You hit the giant cockroach.
The giant cockroach closely misses you. 😕 HP[+1]
You hit the giant cockroach. The goblin hits you with a +0 club.
The giant cockroach bites you but does no damage. 😕 HP[-1]
You take 1 damage, and now have 12/15 hp.
Unknown command.
You barely miss the giant cockroach. The giant cockroach bites you.
The goblin hits you but does no damage. The giant cockroach bites you. 😮 HP[-3]
You take 3 damage, and now have 9/15 hp.
You are too injured to fight recklessly!
You barely miss the goblin. The goblin barely misses you.
The giant cockroach bites you.
* * * LOW HITPOINT WARNING * * *
😨 HP[-2]
You take 2 damage, and now have 7/15 hp.
You hit the goblin.
You kill the goblin!
The giant cockroach bites you.
* * * LOW HITPOINT WARNING * * *
You are too injured to fight recklessly!
Unknown command. 😨 HP[-1]
You take 1 damage, and now have 6/15 hp.
The giant cockroach misses you.
Things that are here:
a +0 club; a goblin corpse; 😨 HP[+1]
You are too injured to fight recklessly!
Unknown command.
You hit the giant cockroach.
You kill the giant cockroach!
Your Unarmed Combat skill increases to level 3!
e - a ring of protection from cold You are a hulking beast.
Your movement speed is average.
Your attack delay is about 0.9.
Your damage rating with unarmed combat is about 7 (Base [3 + 3 (UC)] x 112% (Str) x 101% (Fight) + 1 (Slay)).
You now have 42 gold pieces (gained 11).
f - a scroll labelled ANONEG VA XAES 😎 HP[+8]
Your hp is fully restored (15).
A quokka comes into view.
You see here 5 gold pieces.
You are a hulking beast.
Your movement speed is average.
Your attack delay is about 0.9.
Your damage rating with unarmed combat is about 7 (Base [3 + 3 (UC)] x 112% (Str) x 101% (Fight) + 1 (Slay)).
You hit the quokka.
You kill the quokka!
You have reached level 2!
Your demonic ancestry asserts itself...
Your brain expands. 😎 HP[+6] MP[+1]
You now have 21 max hp (+6).
Your hp is fully restored (21).
Your mp is fully restored (2).
You now have 47 gold pieces (gained 5).
You now have 56 gold pieces (gained 9).
There is an entrance to Sirecuck's Book Shop here.
Are you sure you want to abandon this character and quit the game? (Confirm with "yes".)

Skill      XL: |  1 |
---------------+----+-----
Unarmed Combat | 3 |  3.0
Fighting       | |  1.0
Dodging        | |  1.7
Shapeshifting  | |  2.9

Action                     || total
---------------------------++-------
  Melee: Unarmed           ||    23
 Armour: Animal skin       ||     3
  Dodge: Dodged            ||    12

Levels and vault maps discovered:
D:1:      dpeg_arrival_court, layout_rooms, serial_shops, shop

Notes
Turn   | Place    | Note
-------+----------+-------------------------------------------
     0 | D:1      | ytrimaz the Demonspawn Shapeshifter began the quest for the
                  | Orb.
     0 | D:1      | Reached XP level 1. HP: 15/15 MP: 1/1
     0 | D:1      | magus.rc [v1.9.6]
    74 | D:1      | Found Sirecuck's Book Shop.
   112 | D:1      | Reached skill level 3 in Unarmed Combat
   162 | D:1      | Gained mutation: You have an unusually large brain. (Int
                  | +2) [demonic ancestry]
   162 | D:1      | Reached XP level 2. HP: 21/21 MP: 2/2
   185 | D:1      | Quit the game

Vanquished Creatures
  A dart slug (D:1)
  A giant cockroach (D:1)
  A goblin (D:1)
  A hobgoblin (D:1)
  A quokka (D:1)
  A rat (D:1)
6 creatures vanquished.

Table legend:
 A = Non-vault XP
 B = Vault XP
 C = Vault XP percentage of total XP
 D = Non-vault monster count
 E = Vault monster count
 F = Vault count percentage of total count
                 A         B        C        D         E       F
            +---------+---------+-------+---------+---------+-------
      Total |      13 |       0 |   0.0 |       6 |       0 |   0.0
            +---------+---------+-------+---------+---------+-------
        D:1 |      13 |       0 |   0.0 |       6 |       0 |   0.0
            +---------+---------+-------+---------+---------+-------

Skill      XL: |  1 |
---------------+----+-----
Unarmed Combat | 3 |  3.0
Fighting       | |  1.0
Dodging        | |  1.7
Shapeshifting  | |  2.9

Action                     || total
---------------------------++-------
  Melee: Unarmed           ||    23
 Armour: Animal skin       ||     3
  Dodge: Dodged            ||    12

Illustrated notes

Table legend:
 A = Kills in this place as a percentage of kills in the entire game.
 B = Kills by you in this place as a percentage of kills by you in the entire game.
 C = Kills by friends in this place as a percentage of kills by friends in the entire game.
 D = Other kills in this place as a percentage of other kills in the entire game.
 E = Experience gained in this place as a percentage of experience gained in the entire game.
 F = Experience gained in this place divided by the number of levels of this place that you have seen.
                   A       B       C       D       E      F
               +-------+-------+-------+-------+-------+----------------------
         Total | 100.0 | 100.0 |   N/A |   N/A | 100.0 |  13.0
       Dungeon | 100.0 | 100.0 |   N/A |   N/A | 100.0 |  13.0
               +-------+-------+-------+-------+-------+----------------------

Table legend: (Time is in decaauts)
 A = Elapsed time spent in this place.
 B = Non-inter-level travel time spent in this place.
 C = Inter-level travel time spent in this place.
 D = Time resting spent in this place.
 E = Time spent auto-exploring this place.
 F = Levels seen in this place.
 G = Mean time per level.
                   A        B        C        D        E       F      G
               +--------+--------+--------+--------+--------+-----+--------+
         Total |    183 |    183 |      0 |      0 |    133 |   1 |  183.0 |
       Dungeon |    183 |    183 |      0 |      0 |    133 |   1 |  183.0 |
               +--------+--------+--------+--------+--------+-----+--------+

Top non-repeatable levels by time:
     D:1: 183 daAuts
